 Dungeon Crawl Stone Soup version 0.30.1-5-ged363bc7ee (webtiles) character file.

Game seed: 14676017714294022826

55 boopmooplesden the Covered (level 3, 0/33 HPs)
             Began as an Armataur Fighter on Sept 19, 2023.
             Slain by an orc wizard
             ... wielding a +0 dagger
              (3 damage)
             ... on level 3 of the Dungeon.
             The game lasted 00:03:16 (1619 turns).

boopmooplesden the Covered (Armataur Fighter)       Turns: 1619, Time: 00:03:16

Health: 0/33       AC:  7    Str: 23    XL:     3   Next: 67%
Magic:  3/3        EV:  7    Int:  8    God:
Gold:   114        SH:  4    Dex:  9    Spells: 2/2 levels left

rFire   . . .        a - +0 trident
rCold   . . .        c - +0 buckler
rNeg    . . .        b - +0 scale mail
rPois   .            (no helmet)
rElec   .            (no cloak)
rCorr   .            (no gloves)
SInv    +            (no barding)
Will    .....        (no amulet) Stlth
                     f - ring of see invisible
HPRegen 0.25/turn    (no ring)
MPRegen 0.08/turn

%: roll
@: no status effects
A: large, rugged brown scales 3, deformed body, armoured tail, roll, long
tongue, awkward tongue
a: no special abilities


You were on level 3 of the Dungeon.
You visited 1 branch of the dungeon, and saw 3 of its levels.

You collected 114 gold pieces.

Inventory:

Hand Weapons
 a - a +0 trident (weapon)
Missiles
 h - 2 javelins (quivered)
Armour
 b - a +0 scale mail (worn)
 c - a +0 buckler (worn)
Jewellery
 f - a ring of see invisible (left hand)
Wands
 i - a wand of charming (5)
Scrolls
 g - a scroll of fog
 j - a scroll of brand weapon {unknown}
Potions
 d - a potion of might
 e - a potion of brilliance {unknown}
 k - 2 potions of flight {unknown}


   Skills:
 + Level 3.1 Fighting
 + Level 2.1 Polearms
 + Level 4.3 Armour
 + Level 0.1 Dodging
 + Level 3.8 Shields


You had 2 spell levels left.
You didn't know any spells.
Your spell library contained the following spells:

 Spells                   Type           Power      Damage    Failure   Level
 Sandblast                Erth           0%         2d4       78%         1
 Passwall                 Tmut/Erth      0%         N/A       89%         2
 Stone Arrow              Conj/Erth      0%         3d7       98%         3


Dungeon Overview and Level Annotations

Branches:
Dungeon (3/15)

Altars:


Innate Abilities, Weirdness & Mutations

You are completely covered in rugged brown scales. (AC +3, +7% HP)
Armour fits poorly on your strangely shaped body.
You have a long armoured tail.
You roll when moving toward enemies. (Rampage)
Your long tongue fully drains potion bottles. (2x potion effects)
Your tongue gives you trouble enunciating. (1.5x scroll delay)


Message History

You bump into the rock wall.
The orc priest completely misses you.
The orc wizard hits you but does no damage.
The orc hits you but does no damage.
You miss the orc priest.
Your tail-slap misses the orc priest.
The orc priest hits you but does no damage.
The orc wizard hits you but does no damage.
The orc hits you but does no damage.
You closely miss the orc priest.
Your tail-slap misses the orc priest.
The orc wizard barely misses you.
The orc priest hits you but does no damage.
The orc hits you but does no damage.
You barely miss the orc priest.
The orc wizard hits you but does no damage.
The orc priest hits you with a +0 hand axe.
* * * LOW HITPOINT WARNING * * *
The orc hits you but does no damage.
You bump into the rock wall.
The orc wizard hits you but does no damage.
An orc wizard comes into view. It is wielding a +0 dagger.
The orc priest hits you but does no damage.
The orc closely misses you. The orc attacks as you move away!
The orc hits you with a +0 club.
* * * LOW HITPOINT WARNING * * *
The orc wizard attacks as you move away!
The orc wizard hits you with a +0 dagger.
* * * LOW HITPOINT WARNING * * *
The orc priest hits you with a +0 hand axe.
* * * LOW HITPOINT WARNING * * *
You are too confused!
You bump into the rock wall.
You feel less confused.
The orc wizard points at you and mumbles some strange words.
You resist with significant effort.
The orc priest hits you but does no damage.
You hit the orc priest.
The orc priest is moderately wounded.
The orc priest hits you with a +0 hand axe.
* * * LOW HITPOINT WARNING * * *
The orc wizard hits you with a +0 dagger.
You die...

.o. #.......#.## ..
##.#.#.#.#.## ..
#........#... .
#........#### #.
####........#...
#.###.......#.#.#...
#ooo#.......#.#...##
#o#.......#.#...#
#@o.........#...#
##..###'#.###...#
##..##(### #.#.#
##.##.#####.#.#
#..#.#.....#.#
##>....###.#.#
#######


You could see an orc priest, an orc wizard and 2 orcs.

Vanquished Creatures
  A worm (D:2)
  A dart slug (D:2)
  An orc (D:3)
  8 ball pythons
  5 endoplasms
  2 giant cockroaches
  4 hobgoblins
  3 jackals (D:1)
  2 quokkas (D:1)
  4 bats
  A frilled lizard (D:2)
  A goblin (D:2)
  7 kobolds
  6 rats
46 creatures vanquished.

Notes
Turn   | Place    | Note
-------+----------+-------------------------------------------
     0 | D:1      | boopmooplesden the Armataur Fighter began the quest for the
                  | Orb.
     0 | D:1      | Reached XP level 1. HP: 19/19 MP: 1/1
   184 | D:1      | Reached XP level 2. HP: 26/26 MP: 2/2
   309 | D:1      | Reached skill level 4 in Armour
   574 | D:1      | Reached XP level 3. HP: 33/33 MP: 3/3
   836 | D:2      | HP: 1/33 [poisoned by a kobold]
  1077 | D:2      | Found a faded altar of an unknown god.
  1619 | D:3      | Slain by an orc wizard

Illustrated notes

Levels and vault maps discovered:
D:1:      matt_arrival_diagonals, layout_loops_ring, bh_walls_and_bars
D:2:      layout_basic, shapermc_ecumenical_altar_totnotflames
D:3:      layout_basic, hex_intersection, lexackson_kobold_supper

Skill      XL: |  1  2  3 |
---------------+----------+-----
Fighting       | 3 |  3.1
Armour         | 4 |  4.3
Polearms       | 2 |  2.1
Dodging        | |  0.1
Shields        | |  3.8

Action                     || total
---------------------------++-------
  Melee: Trident           ||   103
         Tailslap          ||    12
    Use: Scroll            ||     5
         Potion            ||     1
 Armour: Scale mail        ||    57
  Dodge: Dodged            ||    30
  Block: Buckler           ||    11
